 Dungeon Sprint DCSS version 0.24-b1-30-g840c9efd86 (webtiles) character file.

Game seed: 12023754833066481486, levelgen mode: deterministic

7104 night the Spry (level 11, -4/81 HPs)
             Began as a Kobold Berserker on Oct 25, 2019.
             Was the Champion of Trog.
             Slain by an Ice Fiend (41 damage)
             ... summoned by a deep elf demonologist
             ... in the Dungeon (Sprint III: "The Ten Rune Challenge").
             The game lasted 00:14:03 (1505 turns).

night the Spry (Kobold Berserker)                   Turns: 1505, Time: 00:14:04

Health: -4/81      AC: 16    Str: 21    XL:     11   Next: 31%
Magic:  3/3        EV: 17    Int:  8    God:    Trog [******]
Gold:   3946       SH:  0    Dex: 14    Spells: 10/10 levels left

rFire    . . .     SeeInvis .   v - +7 quick blade (antimagic)
rCold    . . .     Gourm    .   (shield restricted)
rNeg     . . .     Faith    .   A - +0 plate armour
rPois    .         Spirit   .   (no helmet)
rElec    .         Reflect  .   k - +1 cloak
rCorr    .         Harm     .   (no gloves)
MR       .....     NoTele   +   (no boots)
Stlth    ++........             (no amulet)
HPRegen  0.23/turn              E - ring of flight
MPRegen  0.08/turn              (no ring)

@: lethally poisoned (-4 -> -7), berserk cooldown, flying, slowed, very slow
A: small, carnivore, strong 1, subdued magic 1
a: Berserk, Trog's Hand, Brothers in Arms, Renounce Religion, Stop Flying


You were in the Dungeon.
You worshipped Trog.
Trog was exalted by your worship.
You were very full.

You visited 1 branch You collected 3946 gold pieces.

Inventory:

Hand Weapons
 s - the +1 trident of Kindness {protect, -Tele Int+9 Dex+5}
   (Trog gifted it to you in the Dungeon)

   It grants its wielder temporary protection when it strikes (+7 to AC).
   It affects your intelligence (+9).
   It affects your dexterity (+5).
   It prevents most forms of teleportation.
 t - a +0 dagger of venom
 v - a +7 antimagic quick blade (weapon)
 w - a +3 scimitar of flaming
 y - a +5 short sword of protection
 D - a +4 short sword of draining
 G - a +4 rapier of freezing
Armour
 k - a +1 cloak (worn)
 x - a +2 robe of fire resistance
 A - a +0 plate armour (worn)
 B - a +2 leather armour of magic resistance
Jewellery
 E - a ring of flight (left hand)
Wands
 r - a wand of iceblast (10)
Scrolls
 i - a scroll of blinking
 m - 3 scrolls of remove curse
Potions
 d - 2 potions of curing
 f - a potion of haste
 g - 2 potions of magic
 h - 2 potions of berserk rage
 n - 4 potions of flight
 q - 5 potions of mutation
Miscellaneous
 u - a lamp of fire
Comestibles
 c - 5 rations
 z - 2 chunks of flesh


   Skills:
 + Level 15.0 Fighting
 - Level 12.0 Short Blades
 + Level 8.3 Armour
 + Level 16.1 Dodging
 + Level 15.7 Stealth


You had 10 spell levels left.
You didn't know any spells.
Your spell library contained the following spells:

 Spells                   Type           Power        Failure   Level  Hunger
 Confusing Touch          Hex            #.....       100%        1    ##.....
 Confuse                  Hex            #.......     100%        3    ####...
 Gell's Gravitas          Tloc           #.........   100%        3    ####...
 Petrify                  Tmut/Erth      #.......     100%        4    #####..
 Metabolic Englaciation   Hex/Ice        #.........   100%        5    ######.
 Yara's Violent Unravell  Hex/Tmut       #.........   100%        5    ######.


Dungeon Overview and Level Annotations

Branches:
Dungeon (1/1)

Altars:
Cheibriados
Dithmenos
Elyvilon
Fedhas
Gozag
Hepliaklqana
Kikubaaqudgha
Makhleb
Nemelex Xobeh
Okawaru
Qazlal
Ru
Sif Muna
Trog
Uskayaw
Vehumet
Wu Jian
Xom
Yredelemnul
Zin
The Shining One
Beogh
Jiyva
Lugonu

Shops:
D !


Innate Abilities, Weirdness & Mutations

You are small and have problems with some larger weapons.
You are carnivorous and can eat meat at any time.
Your muscles are strong. (Str +2)
Your spells are a little easier to cast, but a little less powerful.


Message History

The deep elf mage's magic leaks into the air.
The deep elf mage is heavily wounded.
The deep elf demonologist mumbles some strange words.
You closely miss the deep elf mage.
The deep elf mage is heavily wounded.
You miss the deep elf mage.
The deep elf mage is heavily wounded.
You are no longer berserk.
You are exhausted.
You feel yourself slow down.
The deep elf mage hits you but does no damage.
You hit the deep elf mage but do no damage.
The deep elf mage is heavily wounded.
You feel sick.
You hit the deep elf mage but do no damage.
The deep elf mage is heavily wounded.
The deep elf demonologist gestures wildly while chanting.
The Ice Fiend misses you. The Ice Fiend claws you! The Ice Fiend freezes you!!!
Ouch! That really hurt!
You die...

▓▓▓▓▓▓▓▓
#.#..#.################
.#.∩...'.#...##.e..'...
.......#?#...##≈≈≈≈##..#
......##.#...≈≈1@ee.....
.....###)#)..##≈≈≈≈##..#
..#.####['[..##.e1.'...
###...#################
########### §≈'.#.(...+
§≈#.#.#.).# §§#.#.#)).#
..#...#...#


You could see an Ice Fiend, a deep elf master archer, a deep elf annihilator, an
Executioner, a deep elf demonologist and a deep elf mage.

Vanquished Creatures
  2 deep elf death magi (D)
  A centaur warrior (D)
  Erica (D)
  An orc knight (D)
  An orc sorcerer (D)
  6 deep elf magi (D)
  A shadow (D)
  A spatial vortex (D)
  A necrophage (D)
  2 centaurs (D)
  An earth elemental (D)
  A water elemental (D)
  A jelly (D)
  An orc priest (D)
  Crazy Yiuf (D)
  An orc wizard (D)
  Jessica (D)
  A wizard (D)
  A necromancer (D)
  A kobold demonologist (D)
  3 humans (D)
  An ooze (D)
  5 orcs (D)
  2 rats (D)
38 creatures vanquished.

Vanquished Creatures (collateral kills)
  An orc warrior (D)
  2 orc priests (D)
  An orc wizard (D)
  5 orcs (D)
9 creatures vanquished.

Vanquished Creatures (others)
  2 draconian scorchers (D)
  6 hellions (D)
  2 yaktaurs (D)
  4 plants (D)
14 creatures vanquished.

Grand Total: 61 creatures vanquished

Notes
Turn   | Place    | Note
-------+----------+-------------------------------------------
     0 | D        | night the Kobold Berserker began the quest for the Orb.
     0 | D        | Reached XP level 1. HP: 14/14 MP: 1/1
     9 | D        | Reached skill level 5 in Short Blades
     9 | D        | Reached skill level 3 in Dodging
    29 | D        | Noticed Jessica
    41 | D        | Killed Jessica
    41 | D        | Reached ** piety under Trog
    41 | D        | Reached skill level 4 in Dodging
    41 | D        | Reached XP level 2. HP: 19/19 MP: 2/2
    41 | D        | Reached XP level 3. HP: 23/23 MP: 3/3
    48 | D        | Killed a yaktaur
    82 | D        | Killed a hellion
    89 | D        | Killed a hellion
    92 | D        | Killed a hellion
    93 | D        | Killed a hellion
   115 | D        | Reached skill level 5 in Dodging
   115 | D        | Reached XP level 4. HP: 27/28 MP: 4/4
   120 | D        | Killed a hellion
   168 | D        | Killed a hellion
   173 | D        | Killed a white draconian scorcher
   203 | D        | Killed a white draconian scorcher
   220 | D        | Noticed Crazy Yiuf
   225 | D        | Killed Crazy Yiuf
   225 | D        | Reached *** piety under Trog
   225 | D        | Reached skill level 6 in Dodging
   290 | D        | Gained mutation: Your spells are a little easier to cast,
                  | but a little less powerful. [potion of mutation]
   290 | D        | Gained mutation: Your muscles are strong. (Str +2) [potion
                  | of mutation]
   296 | D        | Noticed a water elemental
   302 | D        | Killed a water elemental
   302 | D        | Reached skill level 7 in Dodging
   302 | D        | Reached XP level 5. HP: 32/32 MP: 5/5
   360 | D        | Found a radiant altar of Vehumet.
   360 | D        | Found a shimmering blue altar of Sif Muna.
   360 | D        | Found an ancient bone altar of Kikubaaqudgha.
   369 | D        | Noticed a sixfirhy
   369 | D        | Reached **** piety under Trog
   369 | D        | Reached skill level 8 in Dodging
   408 | D        | Found a glowing silver altar of Zin.
   408 | D        | Found a glowing golden altar of the Shining One.
   408 | D        | Found a white marble altar of Elyvilon.
   409 | D        | Noticed a deep elf mage
   419 | D        | Noticed a demonic crawler
   419 | D        | Noticed a jumping spider
   420 | D        | Killed a deep elf mage
   420 | D        | Reached skill level 11 in Dodging
   420 | D        | Reached XP level 6. HP: 44/46 MP: 6/6
   420 | D        | Reached XP level 7. HP: 48/51 MP: 7/7
   521 | D        | Found a hide-covered altar of Uskayaw.
   521 | D        | Found a roughly hewn altar of Beogh.
   521 | D        | Found an iron altar of Okawaru.
   521 | D        | Found a bloodstained altar of Trog.
   521 | D        | Found an ornate altar of the Wu Jian Council.
   521 | D        | Noticed a human
   522 | D        | Noticed a human
   529 | D        | Killed a human
   529 | D        | Reached skill level 10 in Fighting
   529 | D        | Reached skill level 12 in Dodging
   529 | D        | Reached XP level 8. HP: 57/57 MP: 8/8
   533 | D        | Killed a human
   533 | D        | Reached skill level 13 in Dodging
   571 | D        | Found a basalt altar of Yredelemnul.
   571 | D        | Found a shadowy altar of Dithmenos.
   571 | D        | Found a sacrificial altar of Ru.
   578 | D        | Reached ***** piety under Trog
   615 | D        | Noticed a shadow
   622 | D        | Killed a shadow
   622 | D        | Received a gift from Trog
   627 | D        | Got an ichor-stained trident {god gift}
   628 | D        | Identified the +1 trident of Kindness {protect, -Tele Int+9
                  | Dex+5} (Trog gifted it to you in the Dungeon)
   650 | D        | Found a blossoming altar of Fedhas.
   650 | D        | Found a stormy altar of Qazlal.
   650 | D        | Found a snail-covered altar of Cheibriados.
   650 | D        | Found a burning altar of Makhleb.
   650 | D        | Found a shimmering altar of Xom.
   651 | D        | Found a hazy altar of Hepliaklqana.
   651 | D        | Found an opulent altar of Gozag.
   651 | D        | Found a sparkling altar of Nemelex Xobeh.
   651 | D        | Found a corrupted altar of Lugonu.
   651 | D        | Found a viscous altar of Jiyva.
   675 | D        | Reached skill level 14 in Dodging
   700 | D        | Noticed Erica
   715 | D        | Killed Erica
   715 | D        | Reached XP level 9. HP: 56/66 MP: 9/9
   845 | D        | Noticed an orc sorcerer
   846 | D        | Found Joniegg's Distillery.
   846 | D        | Noticed an orc knight
   848 | D        | Noticed a hellwing
   874 | D        | Noticed an ice devil
   875 | D        | Killed an orc sorcerer
   875 | D        | Received a gift from Trog
   875 | D        | Reached skill level 10 in Stealth
   885 | D        | Received a gift from Trog
   887 | D        | Killed a yaktaur
   891 | D        | Killed an orc knight
   891 | D        | Reached skill level 5 in Armour
  1181 | D        | Reached XP level 10. HP: 73/73 MP: 3/10
  1212 | D        | Noticed a centaur warrior
  1219 | D        | Killed a centaur warrior
  1221 | D        | Reached ****** piety under Trog
  1280 | D        | Noticed a deep elf mage
  1280 | D        | Noticed a deep elf mage
  1280 | D        | Noticed a deep elf mage
  1280 | D        | Noticed a deep elf mage
  1280 | D        | Noticed a deep elf mage
  1290 | D        | Killed a deep elf mage
  1290 | D        | Received a gift from Trog
  1295 | D        | Killed a deep elf mage
  1295 | D        | Reached skill level 15 in Dodging
  1296 | D        | Noticed a deep elf annihilator
  1301 | D        | Killed a deep elf mage
  1309 | D        | Killed a deep elf mage
  1309 | D        | Received a gift from Trog
  1312 | D        | Killed a deep elf mage
  1312 | D        | Reached XP level 11. HP: 80/80 MP: 3/11
  1313 | D        | Noticed a deep elf mage
  1338 | D        | Identified the +7 halberd "Killer Bee's Regret" {chop,
                  | Str+4}
  1338 | D        | Noticed a deep elf death mage
  1358 | D        | Identified the +4 quarterstaff "Ifolisoy" {crush, *Noise
                  | rN++}
  1358 | D        | Noticed a deep elf death mage
  1380 | D        | Killed a deep elf death mage
  1380 | D        | Reached skill level 15 in Stealth
  1473 | D        | Noticed a deep elf demonologist
  1476 | D        | Noticed a deep elf master archer
  1491 | D        | Killed a deep elf death mage
  1491 | D        | Reached skill level 15 in Fighting
  1491 | D        | Reached skill level 16 in Dodging
  1502 | D        | Noticed an Ice Fiend
  1505 | D        | Slain by an Ice Fiend

Skill      XL: |  1  2  3  4  5  6  7  8  9 10 11 |
---------------+----------------------------------+-----
Short Blades   | 7 8 11 12 | 12.0
Dodging        | 4 5 7 11 12 14 15 16 | 16.1
Fighting       | 9 10 12 13 14 15 | 15.0
Armour         | 3 5 7 8 |  8.3
Stealth        | 8 12 14 15 | 15.7

Action                   |  1- 3 |  4- 6 |  7- 9 | 10-12 || total
-------------------------+-------+-------+-------+-------++-------
Melee: Short sword       |    19 |    24 |    22 |       ||    65
       Dagger            |       |       |    48 |       ||    48
       Scimitar          |       |       |    11 |       ||    11
       Quick blade       |       |       |     6 |    73 ||    79
Invok: Berserk           |     2 |     4 |     6 |     4 ||    16
       Trog's Hand       |       |       |     1 |       ||     1
       Brothers in Arms  |       |       |     1 |       ||     1
 Abil: Evoke Flight      |       |       |       |     1 ||     1
Evoke: Wand              |       |       |     1 |       ||     1
  Use: Potion            |     1 |     1 |       |       ||     2
       Scroll            |       |       |       |     5 ||     5
 Stab: Sleeping          |     2 |       |       |       ||     2
  Eat: Chunk             |     3 |     5 |    13 |     4 ||    25
Armor: Animal skin       |       |       |     1 |       ||     1
       Robe              |       |       |     2 |       ||     2
       Plate armour      |       |       |       |     6 ||     6
Dodge: Dodged            |     6 |     5 |    43 |    13 ||    67
       Rpst.: Scimitar   |       |       |     4 |       ||     4
